 Dungeon Crawl Stone Soup version 0.28.0-53-g5a82cb258f (webtiles) character file.

Game seed: 1910828166837689438

444738 Infinimo the Imperceptible (level 25, -11/172 HPs)
             Began as a Kobold Berserker on June 13, 2022.
             Was a High Priest of Trog.
             Mangled by a great orb of eyes (16 damage)
             ... while paralysed by a floating eye
             ... on level 3 of the Depths on June 14, 2022.
             The game lasted 02:09:25 (74265 turns).

Infinimo the Imperceptible (Kobold Berserker)      Turns: 74265, Time: 02:09:25

Health: -11/172    AC:  3    Str: 12    XL:     25   Next: 36%
Magic:  27/27      EV:  3    Int:  8    God:    Trog [*****.]
Gold:   488        SH:  0    Dex: 32    Spells: 24/24 levels left

rFire   + . .      SeeInvis +   S - +8 Vampire's Tooth {vamp}
rCold   + + +      Faith    .   U - +0 kite shield {rC+}
rNeg    . . .      Spirit   .   T - +0 robe "Jaqepiz" {rC+ Dex+7}
rPois   +          Reflect  +   b - +0 helmet
rElec   .          Harm     .   w - scarf {repulsion}
rCorr   .          Rampage  .   (no gloves)
Will    ++...                   m - -1 pair of boots of the Dropbear {+Inv SInv Stlth+} Stlth **++++++++
                                G - amulet of Coaluaco {Reflect rPois rC+ Will+ Str-4 SH+5}
HPRegen 0.38/turn               A - ring of protection from fire
MPRegen 0.20/turn               D - +4 ring of slaying

@: paralysed, on berserk cooldown, slowed, studying Polearms, repel missiles
A: small, no large weapons, nightstalker 3, high MP 2
}: 2/15 runes: serpentine, barnacled
a: Renounce Religion, Evoke Invisibility, Berserk, Trog's Hand, Brothers in Arms


You were on level 3 of the Depths.
You worshipped Trog.
Trog was extremely pleased with you.
You visited 8 branches of the dungeon, and saw 40 of its levels.
You visited the Abyss 2 times.
You visited 1 bazaar.
You also visited: Trove, Bailey, Ice Cave and Wizlab.

You collected 4643 gold pieces.
You spent 4155 gold pieces at shops.

Inventory:

Hand Weapons
 B - a +9 quick blade of electrocution
 R - a +8 quick blade of venom
 S - the +8 Vampire's Tooth (weapon) {vamp}
   (You found it on level 1 of the Depths)

   It occasionally heals its wielder for the full amount of damage dealt when it
   wounds a living foe.
 X - a +4 rapier of speed
Missiles
 s - 8 throwing nets (quivered)
Armour
 b - a +0 helmet (worn)
 m - the -1 pair of boots of the Dropbear (worn) {+Inv SInv Stlth+}
   (You found it on level 1 of the Vaults)

   SInv:      It lets you see invisible.
   +Inv:      It lets you turn invisible.
   Stlth:     It makes you more stealthy.
 w - a scarf of repulsion (worn)
 T - the +0 robe "Jaqepiz" (worn) {rC+ Dex+7}
   (You took it off a merfolk javelineer on level 4 of the Shoals)

   Dex:       It affects your dexterity (+7).
   rC:        It protects you from cold.
 U - a +0 kite shield of cold resistance (worn)
Jewellery
 d - a ring of resist corrosion
 h - a ring of positive energy
 k - a ring of poison resistance
 r - the amulet "Wevor" {Reflect rN+ SH+5}
   (You bought it in a shop on level 2 of the Orcish Mines)

   [amulet of reflection]

   It reflects blocked missile attacks.
   rN:        It protects you from negative energy.
   SH:        It affects your SH (+5).
 A - a ring of protection from fire (left hand)
 D - a +4 ring of slaying (right hand)
 G - the amulet of Coaluaco (around neck) {Reflect rPois rC+ Will+ Str-4 SH+5}
   (You found it in a treasure trove)

   [amulet of reflection]

   It reflects blocked missile attacks.
   Str:       It affects your strength (-4).
   rC:        It protects you from cold.
   rPois:     It protects you from poison.
   SH:        It affects your SH (+5).
   Will:      It increases your willpower.
 O - a ring of flight
 Z - the ring of Gaak {rC++ EV+4 Int-5 Dex+3}
   (You found it on level 13 of the Dungeon)

   [ring of evasion]

   EV:        It affects your evasion (+4).
   Int:       It affects your intelligence (-5).
   Dex:       It affects your dexterity (+3).
   rC:        It greatly protects you from cold.
Wands
 a - a wand of digging (26)
 g - a wand of acid (21)
 i - a wand of charming (16)
 t - a wand of iceblast (50)
 H - a wand of mindburst (29)
 W - a wand of polymorph (10)
Scrolls
 j - a scroll of blinking
 n - a scroll of enchant armour
 q - 22 scrolls of identify
 C - 12 scrolls of teleportation
 K - 7 scrolls of fog
 N - 4 scrolls of summoning
 P - 3 scrolls of magic mapping
Potions
 c - 2 potions of mutation
 e - 9 potions of might
 f - 7 potions of ambrosia
 l - 14 potions of curing
 p - 9 potions of attraction
 v - 10 potions of haste
 z - 11 potions of cancellation
 E - 2 potions of berserk rage
 F - 9 potions of magic
 Q - 3 potions of resistance
 V - a potion of invisibility
 Y - a potion of flight


   Skills:
 + Level 21.6 Fighting
 + Level 25.2 Short Blades
 - Level 1.5 Armour
 + Level 23.2 Dodging
 + Level 26.8 Stealth
 + Level 13.8 Shields
 - Level 0.1 Necromancy
 - Level 10.0 Evocations


You had 24 spell levels left.
You didn't know any spells.
Your spell library contained the following spells:

 Spells                   Type           Power      Damage    Failure   Level
 Pain                     Necr           0%         1d4       71%         1
 Sublimation of Blood     Necr           0%         N/A       83%         2
 Dispel Undead            Necr           0%         3d6       100%        4
 Excruciating Wounds      Necr           0%         N/A       100%        5
 Borgnjor's Revivificati  Necr           0%         N/A       100%        8
 Necromutation            Tmut/Necr      0%         N/A       100%        8
 Death's Door             Necr           0%         N/A       100%        9


Dungeon Overview and Level Annotations

Branches:
Dungeon (15/15)            Temple (0/1) D:4            Lair (6/6) D:11
 Shoals (4/4) Lair:3        Snake (4/4) Lair:4        Slime (0/5) Lair:6
    Orc (2/2) D:11            Elf (2/3) Orc:2        Vaults (4/5) D:14
  Crypt (0/3) Vaults:3     Depths (3/4) D:15         Bailey (visited)
  IceCv (visited)          WizLab (visited)

Altars:
Cheibriados
Elyvilon
Fedhas
Gozag
Makhleb
Qazlal
Ru
Vehumet
Wu Jian
Xom
Yredelemnul
Zin
Beogh
Jiyva
Lugonu

Shops:
D:2 *   D:3 ?   D:5 *   D:9 !   D:11 (   Orc:2 (?=*   Elf:2 [*[[   Shoals:3 ?
Snake:4 *   Depths:1 **

Portals:
Hell: Depths:1 Depths:2
Abyss: Shoals:1
Pandemonium: Orc:2 Depths:1 Depths:2*
Ziggurat: Depths:3


Innate Abilities, Weirdness & Mutations

You are small and have problems with some larger weapons.
You are completely attuned to the shadows.
You have a considerably increased reservoir of magic. (+20% MP)


Message History

The great orb of eyes is heavily wounded.
The fire dragon completely misses you. The fire dragon misses you.
The fire dragon tramples you!
You hold your ground!
You block the purple ugly thing's attack.
A spriggan air mage comes into view.
You block the spark wasp's attack.
The great orb of eyes completely misses you.
You puncture the great orb of eyes!
You feel better.
The great orb of eyes is severely wounded.
You hear a shout!
The floating eye gazes piercingly through you!
You suddenly lose the ability to move!
The great orb of eyes gazes at you. You resist with almost no effort.
A spriggan air mage comes into view.
The red ugly thing stings you!
You are engulfed in flames.
You resist.
A fire giant comes into view.
It is wielding a +0 great sword of flaming.
The spark wasp stings you but does no damage.
The fire dragon barely misses you. x2; The fire dragon tramples you!
You hold your ground!
You hear a shout! x2
The purple ugly thing pecks you! The great orb of eyes bites you! x2
The spark wasp stings you. The spark wasp shocks you!
The red ugly thing stings you.
You are engulfed in flames!
You resist. The fire dragon bites you!
The fire dragon claws you but does no damage.
The fire dragon tramples you!
* * * LOW HITPOINT WARNING * * *
You hold your ground!
The spriggan rider drinks a potion.
The spriggan rider goes berserk!
The spark wasp stings you!!
* * * LOW HITPOINT WARNING * * *
The spark wasp shocks you!
* * * LOW HITPOINT WARNING * * *
The purple ugly thing pecks you but does no damage.
The great orb of eyes bites you.
* * * LOW HITPOINT WARNING * * *
The floating eye's view fixates on you. The great orb of eyes bites you!
You die... #.. #.. ###. ##.## .C..## #.... .Ciii## #.... #GiuGD##

#.>.[ #QGuG.##
#.... #u@yD.##
##...
##.D...## ##..
##.....## ##'
##.....## #.
##.....## #.
##.....##
#####
##.....###...#
##!....##....
##..8.......


You could see a shadow dragon, a fire giant, a fire dragon, an ice dragon, a
spriggan defender, 3 great orbs of eyes, 3 ugly things, an ettin, a spark wasp,
a spriggan rider (berserk), a tengu warrior, 2 spriggan air magi and a floating
eye (charged).

Vanquished Creatures
  Sojobo (Vaults:4)
  Saint Roka (Snake:2)
  2 bone dragons (Abyss:2)
  Jorgrun (D:13)
  A deep elf blademaster (Elf:2)
  A deep elf master archer (Elf:2)
  A lich (Depths:1)
  A kraken (Shoals:2)
  A titan (Shoals:4)
  2 sphinxes (Vaults:4)
  3 ancient champions (WizLab)
  5 tentacled starspawn
  4 tengu reavers
  Kirke (D:14)
  A shadow dragon (Depths:3)
  2 storm dragons (D:15)
  Donald (Vaults:3)
  A revenant (WizLab)
  The ghost of Xuhaf the Warrior, an adept DjFi of Wu Jian (D:14)
  3 fire giants
  2 orc warlords (Vaults:1)
  5 nagarajas
  6 vault wardens
  5 frost giants
  Louise (D:14)
  A juggernaut zombie (Depths:2)
  A deep elf sorcerer (Elf:2)
  2 cacodemons
  The ghost of Sobaton the Peltast, a journeyman MiFi of Ashenzari (Orc:1)
  2 caustic shrike zombies (WizLab)
  Aizul (Snake:2)
  2 spectral caustic shrikes (WizLab)
  The ghost of hitsuchi the Slinger, a journeyman OpBr of Gozag (Orc:2)
  A reaper (IceCv)
  8 ironbound thunderhulks
  14 very ugly things
  7 vampire knights (Depths:1)
  A spriggan defender (Depths:3)
  20 ironbound preservers
  7 stone giants
  2 deep elf demonologists
  3 starcursed masses
  Azrael (Elf:2)
  11 dire elephants
  Nessos (D:13)
  4 halazid warlocks (WizLab)
  The ghost of Peloso the Carver, a journeyman MiFi of Okawaru (D:10)
  2 eidola (WizLab)
  4 spark wasps
  3 deep elf death magi
  A quicksilver dragon zombie (WizLab)
  6 merfolk javelineers (Shoals:4)
  4 ettins
  2 jiangshi (WizLab)
  2 spectral quicksilver dragons (WizLab)
  7 merfolk impalers
  Josephine (D:11)
  6 fire dragons
  A green death (Depths:1)
  6 great orbs of eyes
  A rakshasa (Depths:3)
  6 ice dragons
  13 hydras
  8 boulder beetles
  11 yaktaur captains
  2 demonspawn (Orc:2)
  19 naga warriors
  3 salamander tyrants
  Fannar (Lair:1)
  3 merfolk avatars
  7 anacondas
  4 alligator snapping turtles
  5 vault guards
  7 ironbound frosthearts
  2 spriggan air magi (Depths:2)
  2 death knights (D:15)
  2 ogre magi (D:15)
  2 catoblepae (Lair:6)
  10 merfolk aquamancers
  5 two-headed ogres
  15 centaur warriors
  4 satyrs
  3 hell hogs (Abyss:3)
  7 tengu warriors
  29 dancing weapons
  6 deep troll shamans
  11 death yaks
  7 orc high priests (Orc:2)
  2 spriggan berserkers (Depths:2)
  9 hell knights
  3 shock serpents
  18 naga sharpshooters
  6 deep troll earth magi
  4 vampire magi
  Sonja (Orc:2)
  19 deep elf knights
  A titan zombie (WizLab)
  4 skeletal warriors
  5 salamander mystics
  6 wretched stars
  2 fire crabs
  5 iron trolls
  3 shadow wraiths (WizLab)
  A spectral spark wasp (WizLab)
  5 glowing orange brains
  11 sea snakes
  75 deep trolls
  2 flayed ghosts
  A spark wasp zombie (WizLab)
  20 ironbound convokers
  11 lindwurms
  8 necromancers
  6 naga ritualists
  9 deep elf archers
  A spectral wolf spider (WizLab)
  17 orc knights
  Pikel (D:5)
  2 phantasmal warriors (WizLab)
  22 harpies
  10 wizards
  35 deep elf pyromancers
  A tengu skeleton (Depths:2)
  7 mana vipers
  32 deep elf zephyrmancers
  56 ugly things
  15 salamanders
  7 orc sorcerers
  9 cyclopes
  20 fauns
  A shadow dragon skeleton (Depths:2)
  2 wolf spiders
  An oklob plant (Lair:5)
  14 manticores
  6 elephants
  34 black mambas
  An elephant (shapeshifter) (D:14)
  3 guardian serpents
  2 rust devils
  6 merfolk sirens
  2 guardian serpents (shapeshifter)
  2 ice statues (IceCv)
  13 vault sentinels
  22 naga magi
  13 water nymphs
  A torpor snail (Lair:4)
  4 smoke demons
  2 orange demons
  A gargoyle (D:13)
  An apocalypse crab (Shoals:1)
  7 cane toads
  An unseen horror (D:10)
  5 komodo dragons
  3 efreet (D:15)
  A kobold demonologist (D:14)
  2 freezing wraiths
  8 ice devils
  27 yaktaurs
  A yaktaur (shapeshifter) (D:15)
  4 hellwings
  5 rime drakes
  23 merfolk
  2 tengu conjurers
  3 red devils
  A spectral harpy (WizLab)
  A harpy zombie (WizLab)
  4 meliai
  5 polar bears
  7 wind drakes
  A hornet (shapeshifter) (D:14)
  9 trolls
  Prince Ribbit (D:5)
  A queen bee (Lair:1)
  5 raiju
  2 blink frogs (shapeshifter) (D:15)
  22 blink frogs
  5 large abominations
  6 snapping turtles
  A meliai zombie (D:10)
  24 slime creatures
  2 dream sheep (Shoals:2)
  A vampire (D:13)
  9 air elementals
  2 centaur simulacra (D:15)
  8 flying skulls (WizLab)
  A jumping spider (shapeshifter) (D:14)
  4 basilisks
  5 shadows
  3 ynoxinuls
  43 yaks
  43 water elementals
  5 wyverns
  2 hogs (D:14)
  5 fire bats
  7 wraiths
  2 steam dragons
  5 fire elementals
  A golden eye (shapeshifter) (D:15)
  A redback (shapeshifter) (D:14)
  8 chaos spawn
  2 death yak simulacra (IceCv)
  8 neqoxecs
  11 vampire mosquitoes
  A harpy simulacrum (IceCv)
  Menkaure (D:4)
  3 wargs
  60 nagas
  Edmund (D:6)
  Duvessa (D:5)
  5 small abominations
  17 water moccasins
  2 acid dragons
  A floating eye (Depths:2)
  5 hell hounds (Elf:2)
  An ice beast (D:7)
  43 orc warriors
  A snapping turtle zombie (Shoals:1)
  12 ogres
  A black bear (Lair:6)
  3 necrophages
  A boggart (D:15)
  27 wolves
  18 centaurs
  A lemure (D:5)
  3 kobold brigands (D:14)
  Blork the orc (D:5)
  14 bullfrogs
  A scorpion (D:6)
  3 two-headed ogre simulacra (IceCv)
  A cane toad simulacrum (IceCv)
  Dowan (D:5)
  A water moccasin skeleton (D:5)
  33 killer bees
  2 elephant simulacra (IceCv)
  6 wights
  9 electric eels
  A howler monkey (D:10)
  A hound (D:4)
  5 centaur zombies
  A gnoll shaman (D:5)
  A jelly (D:5)
  24 orc priests
  2 centaur skeletons
  2 iguanas
  12 orc wizards
  A spriggan simulacrum (IceCv)
  5 troll simulacra (IceCv)
  A killer bee zombie (D:7)
  A wolf simulacrum (IceCv)
  A hound skeleton (D:5)
  A howler monkey zombie (D:9)
  Robin (D:2)
  20 gnolls
  11 adders
  A naga simulacrum (IceCv)
  2 river rats (D:3)
  2 shadow imps
  7 white imps
  4 ufetubi
  A worm (shapeshifter) (D:14)
  A dart slug (D:4)
  123 orcs
  9 ball pythons
  5 endoplasms
  8 giant cockroaches
  8 hobgoblins
  8 quokkas
  5 bats
  6 frilled lizards
  20 goblins
  6 kobolds
  7 rats
  A lurking horror (Abyss:3)
1948 creatures vanquished.

Vanquished Creatures (collateral kills)
  An eidolon (WizLab)
  A shadow wraith (WizLab)
2 creatures vanquished.

Vanquished Creatures (others)
  2 deep trolls (Vaults:2)
  A deep elf zephyrmancer (Elf:2)
  A wolf spider zombie (WizLab)
  A black mamba (Snake:2)
  An ancient zyme (Abyss:3)
  A human (D:14)
  A chaos spawn (Abyss:2)
  A wight (Abyss:2)
  An orc priest (D:11)
  A gnoll (shapeshifter) (D:14)
  An ufetubus (Abyss:3)
  A bush (Lair:1)
  37 fungi
  72 plants
  8 starspawn tentacles (Abyss:3)
  2 withered plants (Orc:2)
132 creatures vanquished.

Grand Total: 2082 creatures vanquished

Notes
Turn   | Place    | Note
-------+----------+-------------------------------------------
     0 | D:1      | Infinimo the Kobold Berserker began the quest for the Orb.
     0 | D:1      | Reached XP level 1. HP: 14/14 MP: 1/1
   183 | D:1      | Reached XP level 2. HP: 19/19 MP: 2/2
   218 | D:1      | Reached skill level 1 in Stealth
   867 | D:1      | Reached XP level 3. HP: 20/23 MP: 3/3
   983 | D:1      | Found a faded altar of an unknown god.
  1516 | D:2      | Reached skill level 2 in Stealth
  1572 | D:2      | Noticed Robin
  1588 | D:2      | Killed Robin
  1589 | D:2      | Reached XP level 4. HP: 29/29 MP: 4/4
  1598 | D:2      | Reached ** piety under Trog
  1973 | D:2      | Found Ottaeq's Assorted Antiques.
  1978 | D:2      | Bought an emerald potion for 20 gold pieces
  1978 | D:2      | Bought a scroll labelled BOYXUS BIGUTI for 23 gold pieces
  2468 | D:3      | Reached skill level 5 in Short Blades
  2468 | D:3      | Reached skill level 3 in Stealth
  2468 | D:3      | Reached XP level 5. HP: 32/33 MP: 5/5
  2504 | D:3      | Found an ornate altar of the Wu Jian Council.
  2887 | D:3      | Found Ivosutowk's Magic Scroll Boutique.
  3113 | D:3      | Found a glowing silver altar of Zin.
  3113 | D:3      | Noticed an angel
  3148 | D:3      | Found a glowing drain.
  3645 | D:4      | Noticed an ogre
  3652 | D:4      | Killed an ogre
  3653 | D:4      | Reached skill level 4 in Stealth
  3653 | D:4      | Reached XP level 6. HP: 36/39 MP: 6/6
  4043 | D:4      | Found a burning altar of Makhleb.
  4064 | D:4      | Noticed Menkaure
  4068 | D:4      | Killed Menkaure
  4069 | D:4      | Reached skill level 5 in Fighting
  4069 | D:4      | Reached XP level 7. HP: 44/44 MP: 7/7
  4082 | D:4      | Found a staircase to the Ecumenical Temple.
  4085 | D:4      | Identified the amulet "Cela" {Harm rF+++ Regen+ Str-3
                  | Int+2}
  4144 | D:4      | Reached skill level 5 in Dodging
  4144 | D:4      | Reached skill level 5 in Stealth
  4807 | D:5      | Entered Level 5 of the Dungeon
  4846 | D:5      | Noticed Pikel
  4863 | D:5      | Killed Pikel
  4864 | D:5      | Reached skill level 6 in Stealth
  4864 | D:5      | Reached XP level 8. HP: 32/51 MP: 8/8
  4974 | D:5      | Noticed Blork the orc
  4985 | D:5      | Killed Blork the orc
  5247 | D:5      | Reached skill level 7 in Stealth
  5322 | D:5      | Noticed a wraith
  5326 | D:5      | Killed a wraith
  5327 | D:5      | Reached XP level 9. HP: 56/56 MP: 9/9
  5458 | D:5      | Reached *** piety under Trog
  5461 | D:5      | Reached skill level 8 in Stealth
  5462 | D:5      | Noticed Duvessa
  5463 | D:5      | Noticed Dowan
  5464 | D:5      | Killed Duvessa
  5520 | D:5      | Killed Dowan
  5570 | D:5      | Found a blossoming altar of Fedhas.
  5863 | D:5      | Found Peddorre's Serpentskin Sales.
  5996 | D:5      | Noticed Prince Ribbit
  6000 | D:5      | Killed Prince Ribbit
  6001 | D:5      | Reached skill level 9 in Stealth
  6153 | D:5      | Found a white marble altar of Elyvilon.
  6153 | D:5      | Found an opulent altar of Gozag.
  6215 | D:6      | Reached XP level 10. HP: 64/64 MP: 10/10
  6619 | D:6      | Noticed a two-headed ogre
  6627 | D:6      | Killed a two-headed ogre
  6628 | D:6      | Reached skill level 10 in Short Blades
  6628 | D:6      | Reached skill level 10 in Stealth
  6672 | D:6      | Noticed Edmund
  6675 | D:6      | Killed Edmund
  6681 | D:6      | Found a shimmering altar of Xom.
  6694 | D:6      | Found a shimmering altar of Xom.
  6713 | D:6      | Found a sacrificial altar of Ru.
  6732 | D:6      | Found a shimmering altar of Xom.
  6732 | D:6      | Found a shimmering altar of Xom.
  6732 | D:6      | Found a shimmering altar of Xom.
  6733 | D:6      | Found a shimmering altar of Xom.
  7964 | D:8      | Identified the +1 hunting sling of the Fortune-Teller
                  | {flame, rN+ Stlth+}
  8136 | D:8      | Found a flagged portal.
  8148 | Bailey   | Entered a bailey
  8194 | Bailey   | Reached **** piety under Trog
  8264 | Bailey   | Noticed an orc knight
  8268 | Bailey   | Killed an orc knight
  8269 | Bailey   | Reached skill level 11 in Stealth
  8269 | Bailey   | Reached XP level 11. HP: 71/71 MP: 11/11
  8967 | D:8      | Identified the +2 quarterstaff of Skirmishing {freeze,
                  | Str+2 Int+3}
  9098 | D:9      | Noticed a two-headed ogre
  9100 | D:9      | Killed a two-headed ogre
  9101 | D:9      | Reached skill level 10 in Dodging
  9615 | D:9      | Found Cukkamun's Distillery.
  9621 | D:9      | Bought a potion of curing for 39 gold pieces
  9651 | D:9      | Reached skill level 12 in Stealth
  9653 | D:9      | Reached skill level 10 in Fighting
  9825 | D:10     | Entered Level 10 of the Dungeon
  9952 | D:10     | Noticed a two-headed ogre
  9959 | D:10     | Killed a two-headed ogre
 10032 | D:10     | Found a portal to a secret trove of treasure.
 10111 | D:10     | Found a radiant altar of Vehumet.
 10225 | D:10     | Identified the ring "Uliepamp" {Drain Will+ rCorr AC+4}
 10310 | D:10     | Found a transporter.
 10344 | D:10     | Found a transporter.
 10530 | D:10     | Noticed a red ugly thing
 10530 | D:10     | Noticed a deep elf pyromancer
 10541 | D:10     | Killed a red ugly thing
 10545 | D:10     | Killed a deep elf pyromancer
 10546 | D:10     | Reached XP level 12. HP: 79/79 MP: 12/12
 10554 | D:10     | Noticed a centaur warrior
 10557 | D:10     | Reached skill level 13 in Stealth
 10572 | D:10     | Killed a centaur warrior
 10578 | D:10     | Noticed a centaur warrior
 10600 | D:10     | Killed a centaur warrior
 10705 | D:10     | Noticed Peloso's ghost (journeyman MiFi)
 10723 | D:10     | Killed Peloso's ghost
 10885 | D:11     | Noticed Josephine
 10894 | D:11     | Killed Josephine
 10958 | D:11     | Found a staircase to the Lair.
 11171 | D:11     | Reached ***** piety under Trog
 11279 | D:11     | Reached skill level 14 in Stealth
 11711 | D:11     | Found Hyrady's Weapon Shop.
 11985 | D:11     | Found a staircase to the Orcish Mines.
 12190 | Lair:1   | Entered Level 1 of the Lair of Beasts
 12269 | Lair:1   | Reached XP level 13. HP: 61/85 MP: 13/13
 12434 | Lair:1   | You fall into a shaft and drop 1 floor!
 13100 | Lair:1   | Noticed Fannar
 13104 | Lair:1   | Killed Fannar
 13105 | Lair:1   | Reached skill level 15 in Stealth
 13248 | Lair:2   | Noticed a seven-headed hydra
 13252 | Lair:2   | Killed a seven-headed hydra
 13293 | Lair:2   | Noticed an eight-headed hydra
 13304 | Lair:2   | Killed an eight-headed hydra
 13595 | Lair:2   | Noticed a four-headed hydra
 13599 | Lair:2   | Killed a four-headed hydra
 13876 | Lair:2   | Reached ****** piety under Trog
 13877 | Lair:2   | Reached skill level 15 in Short Blades
 14077 | Lair:2   | Received a gift from Trog
 14530 | Lair:3   | Reached skill level 16 in Stealth
 14570 | Lair:3   | Noticed a four-headed hydra
 14575 | Lair:3   | Killed a four-headed hydra
 14576 | Lair:3   | Reached XP level 14. HP: 94/94 MP: 14/14
 14826 | Lair:3   | Found a staircase to the Shoals.
 15545 | Lair:4   | Found a staircase to the Snake Pit.
 16383 | Lair:5   | Found a snail-covered altar of Cheibriados.
 17103 | Lair:6   | Entered Level 6 of the Lair of Beasts
 17161 | Lair:6   | Reached skill level 17 in Stealth
 17374 | Lair:6   | Found a staircase to the Slime Pits.
 17565 | Lair:6   | Found a viscous altar of Jiyva.
 17789 | Lair:6   | Received a gift from Trog
 17790 | Lair:6   | Reached skill level 15 in Dodging
 17874 | Lair:6   | Reached XP level 15. HP: 97/100 MP: 15/15
 19184 | D:12     | Reached skill level 18 in Stealth
 19527 | D:13     | Noticed Nessos
 19533 | D:13     | Killed Nessos
 19564 | D:13     | Found a frozen archway.
 19569 | IceCv    | Entered an ice cave
 19659 | IceCv    | Received a gift from Trog
 20051 | IceCv    | Identified the ring "Ymiedeh" {rC+ Will++}
 20051 | IceCv    | Noticed a reaper
 20074 | IceCv    | Killed a reaper
 20075 | IceCv    | Reached skill level 1 in Shields
 20770 | D:13     | Received a gift from Trog
 21045 | D:13     | Noticed Jorgrun
 21060 | D:13     | Killed Jorgrun
 21270 | D:13     | Found a transporter.
 21272 | D:13     | Found a transporter.
 21550 | D:13     | Found a viscous altar of Jiyva.
 21558 | D:13     | Reached skill level 15 in Fighting
 21606 | D:13     | Identified the ring of Gaak {rC++ EV+4 Int-5 Dex+3}
 21767 | Orc:1    | Entered Level 1 of the Orcish Mines
 21825 | Orc:1    | Reached XP level 16. HP: 108/108 MP: 16/16
 22149 | Orc:1    | Found a runed translucent door.
 22149 | Orc:1    | Found a shimmering altar of Xom.
 22149 | Orc:1    | Noticed Sobaton's ghost (journeyman MiFi)
 22417 | Orc:1    | Killed Sobaton's ghost
 22459 | Orc:2    | Entered Level 2 of the Orcish Mines
 22536 | Orc:2    | Found Osumomio's Magic Scroll Emporium.
 22544 | Orc:2    | Found Litookke's General Store.
 22566 | Orc:2    | Received a gift from Trog
 22627 | Orc:2    | Bought a potion of curing for 36 gold pieces
 22629 | Orc:2    | Bought 3 scrolls of teleportation for 108 gold pieces
 22629 | Orc:2    | Bought a scroll of teleportation for 36 gold pieces
 22629 | Orc:2    | Bought a scroll of fear for 42 gold pieces
 22629 | Orc:2    | Bought a scroll of fear for 42 gold pieces
 22629 | Orc:2    | Bought a scroll of teleportation for 36 gold pieces
 22629 | Orc:2    | Bought a scroll of brand weapon for 240 gold pieces
 22762 | Orc:2    | Noticed Sonja
 22766 | Orc:2    | Killed Sonja
 22966 | Orc:2    | Found a runed translucent door.
 22967 | Orc:2    | Noticed hitsuchi's ghost (journeyman OpBr)
 23166 | Orc:2    | Found a staircase to the Elven Halls.
 23491 | Orc:2    | HP: 2/103 [soul eater[an orc high priest] (15)]
 23572 | Orc:2    | Reached skill level 19 in Stealth
 23572 | Orc:2    | Reached skill level 5 in Shields
 23790 | Orc:2    | Found Hotuv's Jewellery Shop.
 23790 | Orc:2    | Found Mudebb's Antique Weapon Boutique.
 23791 | Orc:2    | Found a one-way gate leading to the halls of Pandemonium.
 23827 | Orc:2    | Bought the amulet "Wevor" {Reflect rN+ SH+5} for 576 gold
                  | pieces
 23952 | Orc:2    | Killed hitsuchi's ghost
 24471 | D:14     | Received a gift from Trog
 24672 | D:14     | Found a gate to the Vaults.
 24870 | D:3      | Bought a scroll of brand weapon for 280 gold pieces
 25111 | D:14     | Found a runed translucent gate.
 25112 | D:14     | Found a runed translucent gate.
 25113 | D:14     | Found a runed translucent gate.
 25248 | D:14     | Identified the -6 tower shield of Responsibility {Str+3}
 25248 | D:14     | Noticed Louise
 25265 | D:14     | Killed Louise
 25686 | D:14     | Noticed Kirke
 25702 | D:14     | Killed Kirke
 26091 | D:14     | Reached XP level 17. HP: 89/115 MP: 0/17
 26207 | D:14     | Found a runed translucent gate.
 26207 | D:14     | Found a runed translucent gate.
 26208 | D:14     | Found a runed translucent gate.
 26221 | D:14     | Noticed Xuhaf's ghost (adept DjFi)
 26287 | D:14     | Lost intelligence.
 26459 | Snake:1  | Entered Level 1 of the Snake Pit
 27182 | Snake:1  | Identified the +1 leather armour of the Saviour {rF+ rC+
                  | Will-}
 27568 | Snake:1  | You fall into a shaft and drop 1 floor!
 27568 | Snake:2  | Noticed Saint Roka
 27570 | Snake:2  | Killed Saint Roka
 27593 | Snake:2  | Received a gift from Trog
 27666 | Snake:2  | Noticed Aizul
 27685 | Snake:2  | Killed Aizul
 27694 | Snake:2  | Reached skill level 20 in Stealth
 29936 | Snake:3  | Identified the +11 rapier of Slow Death {vorpal, rCorr}
                  | (Trog gifted it to you on level 3 of the Snake Pit)
 29936 | Snake:3  | Received a gift from Trog
 30319 | Snake:3  | Reached XP level 18. HP: 122/122 MP: 14/18
 31718 | Snake:4  | Entered Level 4 of the Snake Pit
 31779 | Snake:4  | Found Humeseet's Humungous Hoard.
 31835 | Snake:4  | Bought a potion of heal wounds for 70 gold pieces
 31835 | Snake:4  | Bought a potion of haste for 140 gold pieces
 32421 | Snake:4  | Reached skill level 21 in Stealth
 32807 | Snake:4  | Received a gift from Trog
 32813 | Snake:4  | HP: 3/106 [naga/+0 long sword (41)]
 33796 | Snake:4  | Identified the +5 flail "Reckofebb" {vorpal, Dex+4}
 33937 | Snake:4  | Got a serpentine rune of Zot
 34490 | D:14     | Killed Xuhaf's ghost
 34578 | D:14     | Identified the +2 pair of gloves of the Desolation of Salt
                  | {Harm}
 34635 | D:14     | Gained mutation: You are weak. (Str -2) [mutagenic glow]
 34637 | D:14     | Lost mutation: You are weak. (Str -2) [potion of mutation]
 34637 | D:14     | Gained mutation: Your muscles are strong. (Str +2) [potion
                  | of mutation]
 34637 | D:14     | Gained mutation: You sometimes lose the ability to read
                  | scrolls when taking damage. [potion of mutation]
 34637 | D:14     | Gained mutation: Your movements are slightly less
                  | encumbered by armour. (ER -2) [potion of mutation]
 34638 | D:14     | Lost mutation: You sometimes lose the ability to read
                  | scrolls when taking damage. [potion of mutation]
 34638 | D:14     | Lost mutation: Your movements are slightly less encumbered
                  | by armour. (ER -2) [potion of mutation]
 34638 | D:14     | Gained mutation: Your magical capacity is low. (-10% MP)
                  | [potion of mutation]
 34783 | D:15     | Entered Level 15 of the Dungeon
 34884 | D:15     | Reached XP level 19. HP: 128/128 MP: 9/17
 35081 | D:15     | Received a gift from Trog
 35254 | D:15     | Found a snail-covered altar of Cheibriados.
 35361 | D:15     | Found a staircase to the Depths.
 35454 | D:15     | Found a basalt altar of Yredelemnul.
 35457 | D:15     | Found a snail-covered altar of Cheibriados.
 36637 | D:15     | Reached skill level 22 in Stealth
 37515 | D:15     | Identified the +7 quarterstaff "Nups" {pain, Str+2 Dex+3}
 38037 | Shoals:1 | Entered Level 1 of the Shoals
 38044 | Shoals:1 | Found a runed translucent door.
 39509 | Shoals:1 | Found a corrupted altar of Lugonu.
 39575 | Shoals:1 | Found a one-way gate to the infinite horrors of the Abyss.
 39576 | Shoals:1 | Gained mutation: You sometimes lose the ability to read
                  | scrolls when taking damage. [a neqoxec]
 39721 | Shoals:1 | Lost mutation: Your muscles are strong. (Str +2) [potion of
                  | mutation]
 39721 | Shoals:1 | Lost mutation: Your magical capacity is low. (-10% MP)
                  | [potion of mutation]
 39721 | Shoals:1 | Gained mutation: You are very frail. (-20% HP) [potion of
                  | mutation]
 39721 | Shoals:1 | Lost mutation: You sometimes lose the ability to read
                  | scrolls when taking damage. [potion of mutation]
 39721 | Shoals:1 | Gained mutation: Your mind is acute. (Int +2) [potion of
                  | mutation]
 40019 | Shoals:2 | Reached XP level 20. HP: 116/122 MP: 4/20
 41658 | Shoals:2 | Reached skill level 10 in Shields
 41896 | Shoals:3 | Found Pehoehy's Magic Scroll Shoppe.
 41925 | Shoals:3 | HP: 2/123 [satyr/arrow (24)]
 42327 | Shoals:3 | Bought a scroll of teleportation for 39 gold pieces
 42327 | Shoals:3 | Bought a scroll of teleportation for 39 gold pieces
 42327 | Shoals:3 | Bought a scroll of enchant armour for 97 gold pieces
 42327 | Shoals:3 | Bought a scroll of enchant weapon for 97 gold pieces
 43418 | Shoals:4 | Entered Level 4 of the Shoals
 43683 | Shoals:4 | Reached skill level 23 in Stealth
 43736 | Shoals:4 | Received a gift from Trog
 44227 | Shoals:4 | Identified the +0 robe "Jaqepiz" {rC+ Dex+7}
 44630 | Shoals:4 | Got a barnacled rune of Zot
 44700 | Shoals:4 | Paralysed by an air elemental for 1 turns
 45102 | Shoals:4 | Found a stormy altar of Qazlal.
 45745 | Shoals:4 | Found a snail-covered altar of Cheibriados.
 46470 | Vaults:1 | Entered Level 1 of the Vaults
 46542 | D:14     | Received a gift from Trog
 46577 | D:14     | Lost mutation: You are frail. (-10% HP) [potion of
                  | mutation]
 46577 | D:14     | Lost mutation: Your mind is acute. (Int +2) [potion of
                  | mutation]
 46577 | D:14     | Gained mutation: You sometimes lose the ability to read
                  | scrolls when taking damage. [potion of mutation]
 46578 | D:14     | Lost mutation: You sometimes lose the ability to read
                  | scrolls when taking damage. [potion of mutation]
 46578 | D:14     | Gained mutation: You have an increased reservoir of magic.
                  | (+10% MP) [potion of mutation]
 46578 | D:14     | Gained mutation: You have a considerably increased
                  | reservoir of magic. (+20% MP) [potion of mutation]
 46662 | Vaults:1 | Reached XP level 21. HP: 143/143 MP: 21/25
 47510 | Vaults:1 | Identified the -1 pair of boots of the Dropbear {+Inv SInv
                  | Stlth+}
 48150 | Vaults:1 | Received a gift from Trog
 48412 | Vaults:1 | Identified the +6 scale mail of the Dungeon {rCorr}
 49423 | Vaults:1 | Identified the +8 war axe of Division {venom, Dex+4}
 49514 | Vaults:1 | Reached skill level 24 in Stealth
 50032 | Vaults:2 | Found a flickering gateway to a bazaar.
 50038 | Bazaar   | Entered a bazaar
 50115 | Bazaar   | Found Buam Saim's Jewellery Boutique.
 50136 | Bazaar   | Found Wifikluj's Antique Armour Emporium.
 50157 | Bazaar   | Found Talaupoz's Book Boutique.
 50177 | Bazaar   | Found Zits's Antique Weapon Shoppe.
 50219 | Bazaar   | Bought a pair of fine gloves for 361 gold pieces
 50219 | Bazaar   | Identified the +0 pair of gloves of the Depths {Int+5} (You
                  | bought it in a shop in a bazaar)
 50274 | Bazaar   | Bought a +4 ring of slaying for 1092 gold pieces
 50782 | Vaults:2 | Received a gift from Trog
 51718 | Vaults:2 | Cast into level 2 of the Abyss (a wizard)
 52273 | Abyss:2  | Noticed a bone dragon
 52325 | Abyss:2  | Killed a bone dragon
 52382 | Vaults:2 | Escaped the Abyss
 52571 | Vaults:2 | Reached XP level 22. HP: 128/150 MP: 17/26
 53507 | Vaults:3 | You fall into a shaft and drop 1 floor!
 54741 | Vaults:4 | Paralysed by a sphinx for 4 turns
 55241 | Vaults:3 | Received a gift from Trog
 55560 | Vaults:3 | Noticed Donald
 55593 | Vaults:3 | Killed Donald
 55624 | Vaults:3 | Cast into level 2 of the Abyss (a wizard)
 55624 | Abyss:2  | Found a corrupted altar of Lugonu.
 55685 | Abyss:2  | Noticed a bone dragon
 55730 | Abyss:2  | Killed a bone dragon
 55731 | Abyss:2  | Found a corrupted altar of Lugonu.
 56768 | Vaults:3 | Escaped the Abyss
 57752 | Vaults:3 | Reached skill level 25 in Stealth
 58240 | Vaults:3 | Found a staircase to the Crypt.
 58421 | Vaults:3 | Identified the +9 arbalest "Hafil" {penet, rF+ Int+2}
 58711 | Elf:1    | Entered Level 1 of the Elven Halls
 59125 | Elf:1    | Reached skill level 1 in Evocations
 59220 | Elf:1    | Received a gift from Trog
 59538 | Elf:1    | Reached XP level 23. HP: 149/149 MP: 23/27
 59794 | Elf:1    | Identified the +0 chain mail "Mex Sass" {*Corrode Fly Dex-2
                  | SInv}
 59818 | Elf:1    | Identified the +2 quarterstaff "Askucwen" {vorpal, rPois
                  | SInv}
 60222 | Elf:1    | Found the +3 giant club "Skullcrusher" {speed, Str+7}
 60787 | Elf:1    | Paralysed by an air elemental for 1 turns
 60922 | Elf:1    | Identified the +6 rapier "Cufuzepa" {flame, +Blink} (Trog
                  | gifted it to you on level 1 of the Elven Halls)
 60922 | Elf:1    | Received a gift from Trog
 61424 | Elf:2    | Found Udehuus's Armour Boutique.
 61429 | Elf:2    | Bought a +0 pair of boots of stealth for 172 gold pieces
 61448 | Elf:2    | Found Xasisud's General Store.
 61453 | Elf:2    | Paralysed by an air elemental for 1 turns
 61459 | Elf:2    | Reached skill level 5 in Evocations
 61470 | Elf:2    | Noticed Azrael
 61476 | Elf:2    | Killed Azrael
 61609 | Elf:2    | Bought a scroll of brand weapon for 360 gold pieces
 61653 | Elf:2    | Found a runed translucent gate.
 61653 | Elf:2    | Found a runed translucent gate.
 61654 | Elf:2    | Found a runed translucent gate.
 61832 | Elf:2    | Paralysed by an air elemental for 1 turns
 61848 | Elf:2    | Received a gift from Trog
 61971 | Elf:2    | Found Fezon's Armour Emporium.
 62014 | Elf:2    | Found Soopheong's Armour Boutique.
 62187 | Elf:2    | Identified the +0 scale mail of Cicafob {rElec rF+ Regen+
                  | Str+2}
 64803 | Vaults:4 | Noticed Sojobo
 64808 | Vaults:4 | Killed Sojobo
 64907 | Vaults:4 | Reached XP level 24. HP: 130/164 MP: 3/27
 65798 | D:3      | Bought a scroll of enchant armour for 105 gold pieces
 65798 | D:3      | Bought a scroll of enchant armour for 105 gold pieces
 65925 | D:10     | You paid a toll of +5 fire dragon scales to enter a
                  | treasure trove
 65926 | Trove    | Entered a treasure trove
 65963 | Trove    | Identified the +1 leather armour of Skepticism {rF+ rC+++
                  | Str-5 Dex+2}
 65965 | Trove    | Identified the +1 robe of the Playwright {rN+}
 65984 | Trove    | Identified the amulet of Coaluaco {Reflect rPois rC+ Will+
                  | Str-4 SH+5}
 66373 | Depths:1 | Entered Level 1 of the Depths
 66435 | Depths:1 | Received a gift from Trog
 66787 | Depths:1 | Found Zapebbor's General Store.
 66811 | Depths:1 | Found a gateway to Hell.
 67264 | Depths:1 | Found Zaka's Assorted Antiques.
 67529 | Depths:1 | You fall into a shaft and drop 1 floor!
 67686 | Depths:2 | Found a magical portal.
 67692 | WizLab   | Entered Borgnjor's Mausoleum
 68053 | WizLab   | Reached skill level 26 in Stealth
 68766 | WizLab   | Received a gift from Trog
 69097 | WizLab   | Got Borgnjor's Disquisition on Evil Secrets
 69370 | Depths:2 | Reached skill level 10 in Evocations
 70081 | Depths:1 | Found the +8 Vampire's Tooth {vamp}
 71998 | Depths:2 | Identified the +3 scale mail of Ysaff {Harm}
 72148 | Depths:2 | Found a faded altar of an unknown god.
 72166 | Depths:2 | Reached XP level 25. HP: 171/171 MP: 26/27
 72206 | Depths:2 | Received a gift from Trog
 72227 | Depths:2 | Paralysed by a floating eye for 3 turns
 73690 | Depths:3 | Found a one-way gateway to a ziggurat.
 73974 | Depths:3 | Found a white marble altar of Elyvilon.
 74263 | Depths:3 | Paralysed by a floating eye for 4 turns
 74265 | Depths:3 | HP: 5/172 [great orb of eyes (4)]
 74265 | Depths:3 | Mangled by a great orb of eyes

Illustrated notes

Levels and vault maps discovered:
D:1:      minmay_arrival_stair_chambers, layout_basic,
          hellmonk_ecumenical_altar_inner_sanctum, serial_corexii_hall,
          corexii_hall_statues_x, chequers_hall_statues_y,
          corexii_hall_statues_i, corexii_hall_statues_i
D:2:      layout_basic, serial_shops, shop, chequers_serial_rivers_micro_a,
          minmay_misc_feat_columns, uniq_robin
D:3:      layout_loops_cross, nicolae_wu_jian_wuxing_cycle, zin_angel,
          portal_sewer_entry_b, serial_shops, nicolae_square_shop,
          grunt_ministairs_1
D:4:      layout_gridville, makhleb_heckhound_becter,
          minmay_temple_entry_slanted, hangedman_decor_peaks_small,
          uniq_menkaure
D:5:      layout_loops_ring, gammafunk_temple_overflow_elements,
          fedhas_ov_isle_minmay, guppyfry_shop_venom, uniq_blork_the_orc,
          uniq_prince_ribbit1, uniq_pikel, uniq_duvessa
D:6:      layout_basic, xom_redecorated, nicolae_ru_path_of_blood, uniq_edmund
D:7:      layout_loops_ring, grunt_ministairs_7
D:8:      layout_basic, enter_bailey_3
D:9:      layout_roguey, serial_shops, shop_statue
D:10:     layout_cave_pools, mainiacjoe_overflow_paths, nzn_ghost_randoct,
          serial_column_ruins, column_ruins_columns_straight,
          column_ruins_columns_T, column_ruins_open_small,
          column_ruins_open_small_water, enter_trove_0
D:11:     layout_cave_pods, lair_entry_dummy, erik_orc_2, serial_shops,
          nicolae_stop_n_shop_1, special_room [special_room_orc], uniq_josephine
D:12:     layout_roguey, kennysheep_generic_room_10
D:13:     gammafunk_jiyva_shrine, layout_basic, serial_bayou,
          serial_bayou_ford_a, serial_bayou_lagoon_a,
          portal_ice_cave_entry_pillars_2, special_room [special_room_orc],
          uniq_jorgrun, uniq_nessos
D:14:     layout_long_grid, hangedman_vaults_entry_quadrant_bands,
          chequers_serial_rivers_micro_e,
          ploomutoo_gammafunk_ghost_potion_laboratory, uniq_louise, uniq_kirke
D:15:     hangedman_slaughterboxes
Lair:1:   layout_loops_ring, special_room [special_room_bee],
          grunt_megastairs_2, uniq_fannar
Lair:2:   layout_long_grid, nicolae_lair_lil_pond,
          nicolae_lair_run_with_the_wolves, grunt_megastairs_1,
          lemuel_fruit_tree
Lair:3:   layout_small_grid, minmay_shoals_entry_beasts
Lair:4:   layout_loops_ring, guppyfry_snake_entry_garden, grunt_megastairs_3
Lair:5:   layout_roguey, lemuel_oklob_altar
Lair:6:   grunt_lair_end_beastmaster, layout_hall_layers, slime_altar_1,
          lemuel_fruit_fields
Shoals:1: layout_shoals, nicolae_shoals_abyss_on_the_beach
Shoals:2: layout_shoals, hangedman_shoal_volcano
Shoals:3: layout_shoals, serial_shops, nicolae_square_shop
Shoals:4: shoals_end_hellmonk_storm_palace [storm_palace_center_ruins,
          storm_palace_corner_altar, storm_palace_corner_blocked,
          storm_palace_corner_altar, storm_palace_corner_pillars]
Snake:1:  layout_chambers
Snake:2:  layout_rooms, uniq_saint_roka, uniq_aizul
Snake:3:  layout_chambers
Snake:4:  snake_pit, layout_cave_town, nicolae_alphabet_shops
Orc:1:    layout_caves, ebering_ghost_xom
Orc:2:    pf_orc_diabolical, layout_caves, gammafunk_ghost_grave,
          nicolae_orc_pool_cavern, uniq_sonja
Elf:1:    minmay_elf_arrival_summoners, layout_geoelf_octagon,
          minmay_elf_demonology, drop_trap,
          nicolae_elf_glass_and_crystal_pillar_2, grunt_ministairs_13
Elf:2:    elven_hall_of_blades_hangedman_original [mumra_blade_entry_dagger],
          layout_gridlike, serial_shops, shop, nicolae_shop_hallway_plus,
          shop_fountains, nicolae_square_shop, guppyfry_elf_garden, uniq_azrael
Vaults:1: nicolae_vaults_network_star, vaults_room_hallway,
          vaults_room_stairs_pillars, v_misc_30, nicolae_vaults_alarming,
          v_misc_4, hangedman_vaults_impose, vaults_room_pool,
          ontoclasm_vaults_misaligned, nicolae_vaults_border_crossing,
          v_misc_27, nicolae_vaults_theta, layout_vaults_omnibox
Vaults:2: vaults_standard_mumra_enter_the_diamond, ontoclasm_vaults_misaligned,
          vaults_room_pool, nicolae_vaults_what_the_h, nicolae_vaults_rhombus_5,
          vaults_room_stairs_pillars, v_pattern_2, layout_vaults_omnigrid,
          serial_shops, freezing_bzr
Vaults:3: nicolae_vaults_arrows, v_misc_26, v_misc_14,
          hangedman_vaults_restitches, nicolae_vaults_angled_halls,
          grunt_vaults_twisty, nicolae_vaults_yaktaur_gun_rack,
          ontoclasm_vaults_twist, nicolae_vaults_diagonal_hallway_6,
          nicolae_vaults_bisected_slash, layout_vaults_big_room,
          dummy_crypt_entry, serial_shops, bzr_entry_dummy, uniq_donald
Vaults:4: vaults_mumra_minichess_inversion, nicolae_vaults_big_angled_halls,
          ontoclasm_vaults_bender, nicolae_vaults_theta, v_misc_16, v_misc_32,
          nicolae_vaults_shelves_hall, nicolae_vaults_specimen_jars,
          nicolae_vaults_network_square, hangedman_vaults_capsules,
          grunt_vaults_hallway_short, layout_vaults_omnicross, uniq_sojobo
Depths:1: layout_basic, hell_entry, serial_shops,
          nicolae_shop_overgrown_old_shop, kennysheep_mini_moat,
          grunt_pan_entry_in_and_out, kennysheep_cluttered_room,
          minmay_guarded_unrand_vampires_tooth
Depths:2: minmay_thinvault, layout_cave_pools, hell_entry, pan_entry,
          serial_column_ruins, column_ruins_portal_squares,
          column_ruins_temple_hut, column_ruins_open_tiny,
          column_ruins_open_small, column_ruins_columns_dead_end,
          column_ruins_grid_1, column_ruins_open_small,
          column_ruins_open_medium, mu_enter_wizlab_6
Depths:3: grunt_twisty_corner, layout_honeycomb, enter_ziggurat_b,
          abyss_entry_flame_altar, pf_hell_entry_tar_spiral,
          nicolae_elyvilon_peaceful_grove

Skill      XL: |  1  2  3  4  5  6  7  8  9 10 11 12 13 14 15 16 17 18 19 20 21 22 23 24 25 |
---------------+----------------------------------------------------------------------------+-----
Stealth        | 1 2 3 4 6 7 9 11 12 14 16 17 18 19 20 21 22 23 24 25 26 | 26.8
Dodging        | 3 4 6 8 9 11 12 13 15 16 17 18 19 20 21 22 23 | 23.2
Fighting       | 4 5 6 7 9 10 11 13 14 15 16 17 18 19 20 21 | 21.6
Short Blades   | 5 6 7 9 11 12 13 15 16 17 18 19 20 21 22 23 24 25 | 25.2
Shields        | 3 6 7 8 9 10 11 12 13 | 13.8
Evocations     | 1 7 10 | 10.0
Armour         | |  1.5
Necromancy     | |  0.1

Action                   |  1- 3 |  4- 6 |  7- 9 | 10-12 | 13-15 | 16-18 | 19-21 | 22-24 | 25-27 || total
-------------------------+-------+-------+-------+-------+-------+-------+-------+-------+-------++-------
Melee: Short sword       |    86 |   181 |   192 |       |       |       |       |       |       ||   459
       Punch             |     1 |     5 |     4 |     9 |    15 |       |       |       |       ||    34
       Rapier            |       |       |    92 |   592 |   296 |   520 |   179 |       |       ||  1679
       Quick blade       |       |       |       |       |   890 |  1244 |  1948 |  2469 |   438 ||  6989
       Knife             |       |       |       |       |       |       |    56 |       |       ||    56
Invok: Berserk           |     1 |     4 |    11 |    12 |    22 |    29 |    17 |    17 |     2 ||   115
       Trog's Hand       |       |       |       |       |       |     1 |     1 |     2 |       ||     4
       Brothers in Arms  |       |       |       |       |       |       |       |     1 |       ||     1
  Use: Scroll            |       |     3 |     9 |    16 |     4 |     9 |    12 |    16 |     1 ||    70
       Potion            |       |       |       |     1 |     2 |    16 |     4 |     9 |       ||    32
 Stab: Sleeping          |    18 |    14 |    13 |    53 |    68 |    88 |    91 |   108 |    15 ||   468
       Distracted        |       |       |     1 |     3 |    11 |     8 |    26 |    25 |     2 ||    76
       Petrifying        |       |       |       |       |     2 |       |       |       |       ||     2
       Invisible         |       |       |       |       |     9 |    11 |       |       |       ||    20
Armor: Animal skin       |     8 |       |       |       |       |       |       |       |       ||     8
       Ring mail         |     6 |    59 |    81 |    85 |       |       |       |       |       ||   231
       Troll leather arm |       |       |       |    14 |    79 |    70 |    19 |       |       ||   182
       Robe              |       |       |       |       |       |       |     8 |    27 |     8 ||    43
Dodge: Dodged            |    54 |   122 |   190 |   373 |   593 |   802 |   947 |  1092 |   263 ||  4436
       Repelled          |       |       |       |       |     1 |    30 |     8 |     3 |       ||    42
Block: Buckler           |       |       |       |       |    40 |   626 |   765 |    20 |       ||  1451
       Reflection        |       |       |       |       |       |    71 |    46 |    52 |       ||   169
       Kite shield       |       |       |       |       |       |       |       |  1424 |   341 ||  1765
